 Dungeon Crawl Stone Soup version 0.24-a0-516-g9de272b (webtiles) character file.

Game seed: 13439074141496504479

604 sl00ts the Gusty (level 7, -2/36 HPs)
             Began as a Tengu Air Elementalist on July 21, 2019.
             Killed from afar by Natasha (8 damage)
             ... with a puff of flame
             ... on level 4 of the Dungeon.
             The game lasted 00:14:14 (3770 turns).

sl00ts the Gusty (Tengu Air Elementalist)           Turns: 3770, Time: 00:14:15

Health: -2/36      AC:  6    Str:  9    XL:     7   Next: 42%
Magic:  12/16      EV: 15    Int: 17    God:
Gold:   200        SH:  0    Dex: 14    Spells: 6/16 levels left

rFire    . . .     SeeInvis .   j - +2 dagger (elec)
rCold    . . .     Gourm    .   (no shield)
rNeg     . . .     Faith    .   k - +2 robe {MR+}
rPois    .         Spirit   .   t - +2 hat
rElec    .         Reflect  .   (no cloak)
rCorr    .         Harm     .   (no gloves)
MR       +....                  (boots unavailable)
Stlth    ++........             (no amulet)
HPRegen  0.12/turn              (no ring)
MPRegen  0.15/turn              (no ring)

@: flying quickly and evasively, quick
A: beak, talons 3, able to fly
a: Stop Flying


You were on level 4 of the Dungeon.
You were not hungry.

You visited 1 branch of the dungeon, and saw 4 of its levels.

You collected 200 gold pieces.

Inventory:

Hand Weapons
 j - a +2 dagger of electrocution (weapon)
Armour
 a - a +1 robe
 k - a +2 robe of magic resistance (worn)
 t - a +2 hat (worn)
Jewellery
 r - an uncursed ring of flight {unknown}
Wands
 q - a wand of acid (7)
 u - a wand of random effects (23)
Scrolls
 m - a scroll of noise
 p - a scroll of remove curse
Potions
 b - 3 potions of might
 d - 2 potions of brilliance
 e - 2 potions of agility
 f - a potion of cancellation
 g - a potion of lignification
 i - a potion of curing
 l - a potion of haste {unknown}
 n - a potion of resistance {unknown}
 o - a potion of heal wounds
 s - 2 potions of mutation {unknown}
Comestibles
 c - 7 rations


   Skills:
 - Level 2.1 Dodging
 - Level 2.0 Stealth
 * Level 5.3 Spellcasting
 + Level 5.1 Conjurations
 + Level 6.4 Air Magic


You had 6 spell levels left.
You knew the following spells:

 Your Spells              Type           Power        Failure   Level  Hunger
a - Shock                 Conj/Air       ###.         1%          1    None
b - Swiftness             Chrm/Air       ###.....     5%          2    #......
c - Static Discharge      Conj/Air       ###.....     3%          3    ##.....
d - Airstrike             Air            ####......   10%         4    ####...

Your spell library contained the following spells:

 Spells                   Type           Power        Failure   Level  Hunger
 Confusing Touch          Hex            #.....       14%         1    None
 Lightning Bolt           Conj/Air       ###.......   34%         5    ######.
 Confuse                  Hex            #.......     38%         3    ##.....
 Gell's Gravitas          Tloc           #.........   38%         3    ##.....
 Petrify                  Tmut/Erth      #.......     80%         4    ####...
 Metabolic Englaciation   Hex/Ice        #.........   98%         5    ######.
 Yara's Violent Unravell  Hex/Tmut       #.........   98%         5    ######.


Dungeon Overview and Level Annotations

Branches:
Dungeon (4/15)
 Temple: D:4-7

Altars:
Ashenzari
Fedhas
Gozag
Ru
Sif Muna

Annotations:
D:3 3 runed translucent doors, minorukun's ghost, amateur HaWr
D:4 Natasha


Innate Abilities, Weirdness & Mutations

You have a beak for a mouth.
You have claws for feet.
You can fly continuously.


Message History

You feel better.
Natasha zaps a wand.
The puff of flame hits you.
* * * LOW HITPOINT WARNING * * *
Natasha zaps a wand.
The puff of flame hits you.
* * * LOW HITPOINT WARNING * * *
Casting: Shock (safe; 1% risk of failure)
Confirm with . or Enter, or press ? or * to list all spells.
Aiming: Shock (safe; 1% risk of failure)
Press: ? - help, Shift-Dir - straight line, f - Natasha
Aim: Natasha, carrying a wand of flame (14)
Okay, then.
Casting: Shock (safe; 1% risk of failure)
Confirm with . or Enter, or press ? or * to list all spells.
Aiming: Airstrike (safe; 10% risk of failure)
Press: ? - help, Dir - move target cursor, f - Natasha
Aim: Natasha, carrying a wand of flame (14)
The air twists around and strikes Natasha!
Natasha is heavily wounded.
Natasha zaps a wand.
The puff of flame hits you!
You die...

#.#############.#
##(##### #.#
#......# #.#
#(.....# #.#
#......# #.#
#......# #.#
##.#############.#
#.# #<........#
#@################
#......h..........
#################.
..........
########..
.........
.........
#######.. .# #..


You could see Natasha.

Vanquished Creatures
  Sigmund (D:2)
  A phantom (D:4)
  A centaur (D:4)
  An orc priest (D:4)
  A hound (D:4)
  An orc wizard (D:3)
  Jessica (D:3)
  A worker ant (D:4)
  7 adders
  An ooze (D:3)
  An adder skeleton (D:4)
  2 dart slugs (D:2)
  2 leopard geckos
  7 orcs
  4 giant cockroaches
  6 goblins
  9 hobgoblins
  A jackal (D:4)
  8 kobolds
  2 quokkas
  A ball python (D:2)
  7 bats
  4 frilled lizards
  A quokka skeleton (D:4)
  5 rats
76 creatures vanquished.

Notes
Turn   | Place    | Note
-------+----------+-------------------------------------------
     0 | D:1      | sl00ts the Tengu Air Elementalist began the quest for the
                  | Orb.
     0 | D:1      | Reached XP level 1. HP: 10/10 MP: 4/4
   277 | D:1      | Reached XP level 2. HP: 15/15 MP: 4/6
   281 | D:1      | Learned a level 2 spell: Swiftness
  1107 | D:1      | Reached XP level 3. HP: 18/19 MP: 2/7
  1560 | D:2      | Found a sacrificial altar of Ru.
  1601 | D:2      | Noticed Sigmund
  1613 | D:2      | Killed Sigmund
  1613 | D:2      | Reached skill level 5 in Air Magic
  1613 | D:2      | Reached XP level 4. HP: 17/24 MP: 3/10
  1613 | D:2      | Gained mutation: You can fly continuously. [Tengu growth]
  1613 | D:2      | Reached XP level 5. HP: 20/28 MP: 3/11
  1978 | D:2      | Found a faded altar of an unknown god.
  2236 | D:2      | Became a worshipper of Ru the Awakened
  2237 | D:2      | Fell from the grace of Ru
  2408 | D:2      | Found a shattered altar of Ashenzari.
  2426 | D:2      | Reached XP level 6. HP: 32/32 MP: 13/13
  2643 | D:3      | Learned a level 3 spell: Static Discharge
  2657 | D:3      | Learned a level 4 spell: Airstrike
  2964 | D:3      | Noticed Jessica
  2969 | D:3      | Killed Jessica
  3083 | D:3      | Found a runed translucent gate.
  3083 | D:3      | Found a runed translucent gate.
  3083 | D:3      | Found a runed translucent gate.
  3167 | D:3      | Found an opulent altar of Gozag.
  3178 | D:3      | Noticed minorukun's ghost (amateur HaWr)
  3310 | D:3      | Found a deep blue altar of Sif Muna.
  3362 | D:4      | Reached skill level 6 in Air Magic
  3362 | D:4      | Reached XP level 7. HP: 11/36 MP: 7/15
  3652 | D:4      | Reached skill level 5 in Spellcasting
  3671 | D:4      | Found a blossoming altar of Fedhas.
  3684 | D:4      | Reached skill level 5 in Conjurations
  3733 | D:4      | Noticed Natasha
  3770 | D:4      | Killed from afar by Natasha

Levels and vault maps discovered:
D:1:      evilmike_arrival_crescent, layout_basic
D:2:      layout_loops_corners, lemuel_doored_altar,
          chequers_ecumenical_altar_simple, ebering_dispersal_statue_hall,
          nicolae_ru_sacrificial_ziggurat, uniq_sigmund
D:3:      layout_basic, chequers_temple_overflow_minitemple,
          ebering_ghost_gozag, tgw_sif, uniq_jessica
D:4:      layout_basic, first_ration, serial_shops, shop, minmay_ruined_shrine,
          uniq_natasha

Skill      XL: |  1  2  3  4  5  6  7 |
---------------+----------------------+-----
Conjurations   | 2 3 4 5 |  5.1
Spellcasting   | 3 4 5 |  5.3
Air Magic      | 5 6 |  6.4
Dodging        | |  2.1
Stealth        | |  2.0

Action                   |  1- 3 |  4- 6 |  7- 9 || total
-------------------------+-------+-------+-------++-------
Melee: Unarmed           |    28 |       |       ||    28
       Kick              |     5 |    17 |     4 ||    26
       Peck              |     1 |     9 |     1 ||    11
       Dagger            |     2 |    79 |    18 ||    99
 Cast: Shock             |    43 |    20 |     8 ||    71
       Airstrike         |       |     7 |     3 ||    10
       Swiftness         |       |     1 |       ||     1
       Static Discharge  |       |     1 |       ||     1
Invok: Renounce Religion |       |     1 |       ||     1
 Abil: Fly               |       |     1 |       ||     1
  Use: Scroll            |     4 |     1 |     7 ||    12
       Potion            |       |       |     1 ||     1
 Stab: Sleeping          |     1 |     4 |       ||     5
  Eat: Chunk             |     2 |     4 |       ||     6
       Ration            |       |     1 |     1 ||     2
Armor: Robe              |       |    13 |     6 ||    19
Dodge: Dodged            |    27 |    60 |     7 ||    94

Table legend:
 A = Non-vault XP
 B = Vault XP
 C = Vault XP percentage of total XP
 D = Non-vault monster count
 E = Vault monster count
 F = Vault count percentage of total count
                 A         B        C        D         E       F
            +---------+---------+-------+---------+---------+-------
      Total |     354 |     510 |  59.0 |      67 |       9 |  11.8
            +---------+---------+-------+---------+---------+-------
        D:1 |      34 |       0 |   0.0 |      21 |       0 |   0.0
        D:2 |      70 |     220 |  75.9 |      18 |       1 |   5.3
        D:3 |      99 |      77 |  43.8 |      24 |       2 |   7.7
        D:4 |     151 |     213 |  58.5 |       4 |       6 |  60.0
            +---------+---------+-------+---------+---------+-------
